 Dungeon Crawl Stone Soup version 0.29-a0-96-g93358da72b (webtiles) character file.

Game seed: 6758866012328020788

2079 anonymouscript the Reanimator (level 9, -13/109 HPs)
             Began as a Deep Dwarf Necromancer on Feb 11, 2022.
             Was an Initiate of Yredelemnul.
             Mangled by a two-headed ogre (26 damage)
             ... on level 6 of the Dungeon on Feb 13, 2022.
             The game lasted 00:36:57 (7331 turns).

anonymouscript the Reanimator (DDNe)                Turns: 7331, Time: 00:36:58

Health: -13/109    AC: 14    Str: 14    XL:     9   Next: 6%
Magic:  18/18      EV: 12    Int: 21    God:    Yredelemnul [......]
Gold:   255        SH:  0    Dex: 17    Spells: 10/20 levels left

rFire   + . .      SeeInvis .   u - +1 hand axe "Beptusm" {vorpal, *Rage rC+ Int+5 Dex+4}
rCold   + + .      Faith    .   (no shield)
rNeg    . . .      Spirit   .   k - +9 ring mail of Gimoaber {Rampage Regen+ Int-2 Stlth+}
rPois   .          Reflect  .   (no helmet)
rElec   .          Harm     .   p - scarf {rC+ rF+}
rCorr   .          Rampage  +   (no gloves)
Will    ++...      Rage     20% (no boots)
Stlth   ..........              (no amulet)
HPRegen 0.00/turn               v - ring of willpower
MPRegen 0.16/turn               (no ring)

@: mighty, berserking, very quick
A: damage resistance, heal wounds, sense surroundings 2, no regeneration
a: Heal Wounds, Renounce Religion, Recall Undead Harvest


You were on level 6 of the Dungeon.
You worshipped Yredelemnul.
Yredelemnul was noncommittal.
You visited 1 branch of the dungeon, and saw 7 of its levels.

You collected 305 gold pieces.
You spent 50 gold pieces at shops.

Inventory:

Hand Weapons
 d - a +0 dagger of draining
 m - a +0 hand axe
 u - the +1 hand axe "Beptusm" (weapon) {vorpal, *Rage rC+ Int+5 Dex+4}
   (You found it on level 5 of the Dungeon)

   It inflicts extra damage upon your enemies.
   Int:       It affects your intelligence (+5).
   Dex:       It affects your dexterity (+4).
   rC:        It protects you from cold.
   *Rage:     It berserks you when you make melee attacks (+20% chance).
Missiles
 c - 20 bolts
Armour
 a - a +0 robe
 g - a +0 scale mail
 k - the +9 ring mail of Gimoaber (worn) {Rampage Regen+ Int-2 Stlth+}
   (You found it on level 2 of the Dungeon)

   Int:       It affects your intelligence (-2).
   Regen:     It increases your rate of health regeneration.
   Rampage:   It bestows one free step when moving towards enemies.
   Stlth:     It makes you more stealthy.
 p - a scarf of resistance (worn)
Jewellery
 v - a ring of willpower (left hand)
Wands
 o - a wand of digging (6)
 r - a wand of iceblast (11)
Scrolls
 f - 2 scrolls of identify
 h - 3 scrolls of fog
 i - 2 scrolls of fear
 l - a scroll of teleportation
 w - a scroll of enchant weapon {unknown}
 x - a scroll of immolation {unknown}
Potions
 e - 2 potions of flight
 n - a potion of curing
 q - a potion of heal wounds {unknown}
 t - a potion of lignification
 z - a potion of degeneration {unknown}


   Skills:
 + Level 2.2 Fighting
 + Level 1.7 Short Blades
 + Level 4.1 Axes
 + Level 2.6 Armour
 + Level 3.7 Dodging
 + Level 4.0 Stealth
 + Level 6.1 Spellcasting
 + Level 8.2 Necromancy
 + Level 1.7 Invocations


You had 10 spell levels left.
You knew the following spells:

 Your Spells              Type           Power      Damage    Failure   Level
a - Pain                  Necr           100%       1d9       1%          1
b - Vampiric Draining     Necr           40%        2d8       1%          3
c - Animate Skeleton      Necr           80%        N/A       1%          1
d - Agony                 Necr           40%        N/A       19%         5

Your spell library contained the following spells:

 Spells                   Type           Power      Damage    Failure   Level
 Animate Dead             Necr           20%        N/A       6%          4
 Ozocubu's Armour         Ice            6%         N/A       50%         3
 Metabolic Englaciation   Hex/Ice        3%         N/A       99%         5
 Simulacrum               Ice/Necr       11%        N/A       99%         6


Dungeon Overview and Level Annotations

Branches:
Dungeon (7/15)
 Temple: D:4-7

Altars:
Yredelemnul

Shops:
D:3 ?!*


Innate Abilities, Weirdness & Mutations

You are resistant to damage.
You can heal yourself by infusing magical energy.
You passively map the area around you.
You do not regenerate.


Message History

The two-headed ogre writhes in agony.
The two-headed ogre hits you but does no damage.
The two-headed ogre barely misses you.
The two-headed ogre hits you with a +0 giant spiked club!
The two-headed ogre hits you with a +0 giant spiked club.
The two-headed ogre hits you with a +0 giant spiked club!
* * * LOW HITPOINT WARNING * * *
The two-headed ogre closely misses you.
There is a stone staircase leading up here.
You climb upwards.
There is a stone staircase leading down here.
Done exploring.
You feel much better.
You feel very mighty all of a sudden.
You climb downwards.
The two-headed ogre hits you with a +0 giant spiked club!
The two-headed ogre hits you with a +0 giant spiked club.
There is a stone staircase leading up here.
You slash the two-headed ogre!
The two-headed ogre is lightly wounded.
The two-headed ogre hits you with a +0 giant spiked club!
* * * LOW HITPOINT WARNING * * *
The two-headed ogre hits you with a +0 giant spiked club.
* * * LOW HITPOINT WARNING * * *
You slash the two-headed ogre!
The two-headed ogre is moderately wounded.
The two-headed ogre hits you with a +0 giant spiked club.
* * * LOW HITPOINT WARNING * * *
The two-headed ogre hits you with a +0 giant spiked club!
* * * LOW HITPOINT WARNING * * *
A red film seems to cover your vision as you go berserk!
You feel yourself moving faster!
You feel mighty!
You hit the two-headed ogre. Your punch misses the two-headed ogre.
The two-headed ogre is heavily wounded.
The two-headed ogre barely misses you. The two-headed ogre misses you.
You slash the two-headed ogre!
The two-headed ogre is severely wounded.
The two-headed ogre hits you with a +0 giant spiked club!!
You die...
Your body rises from the dead as a mindless zombie.

#..........#.# #.# #.)..##.#
###############.#####.###)...##.#
..(.8.# #..##.....))...##.#
(.....##########'##.#.###..Z....#
...)..#...........#.#)...#'######
.(....#...........#.#.##.#.#, , *
......#................#.#.# ,,
#'''###.............#..#.#.#, *
........#######.@.###Z.#.#.#
........# #O#.###..#.#..,,
........# #.#..##..# ### ,
........# #.##.##.## * ........#
#.##.##.####### ........#
#.##..#...ZZ..# ........#
#.###.#.#####.# ........# #.#
#...# #.# ,,* ........# #.# ##..#
#.#* **


You could see a two-headed ogre.

Vanquished Creatures
  A steam dragon (D:6)
  A water moccasin (D:5)
  A black bear (D:6)
  A sky beast (D:7)
  A necrophage (D:7)
  A scorpion (D:5)
  A howler monkey (D:5)
  2 hounds
  2 jellies (D:4)
  A bullfrog zombie (D:6)
  A centaur zombie (D:5)
  A gnoll shaman (D:6)
  An orc priest (D:5)
  2 iguanas
  A bullfrog skeleton (D:4)
  2 orc wizards (D:6)
  Natasha (twice) (D:2)
  A hound skeleton (D:4)
  Robin (D:4)
  8 adders
  6 gnolls
  A howler monkey skeleton (D:6)
  An adder skeleton (D:4)
  3 dart slugs
  15 orcs
  12 endoplasms
  2 giant cockroaches
  9 goblins
  7 hobgoblins
  3 quokkas
  6 ball pythons
  2 bats (D:2)
  3 frilled lizards
  11 kobolds
  7 rats
120 creatures vanquished.

Vanquished Creatures (collateral kills)
  The ghost of SirDiesAlot the Thaumaturge, a novice DECj of Gozag (D:6)
  A steam dragon (D:6)
  An ogre (D:6)
  A necrophage (D:5)
  A water moccasin zombie (D:5)
  An adder (D:5)
  2 worms
  2 endoplasms (D:4)
  A goblin (D:4)
11 creatures vanquished.

Vanquished Creatures (others)
  A scorpion zombie (D:5)
  A howler monkey zombie (D:5)
  3 gnoll zombies
  A hobgoblin zombie (D:4)
  2 kobold zombies (D:4)
  6 orc zombies (D:6)
  3 spectral endoplasms (D:4)
  9 fungi (D:4)
  7 toadstools (D:4)
33 creatures vanquished.

Grand Total: 164 creatures vanquished

Notes
Turn   | Place    | Note
-------+----------+-------------------------------------------
     0 | D:1      | anonymouscript the Deep Dwarf Necromancer began the quest
                  | for the Orb.
     0 | D:1      | Reached XP level 1. HP: 15/15 MP: 3/3
   393 | D:1      | You fall into a shaft and drop 1 floor!
   403 | D:2      | Reached XP level 2. HP: 16/22 MP: 3/5
   441 | D:2      | Reached skill level 5 in Necromancy
   592 | D:2      | Reached XP level 3. HP: 20/28 MP: 2/6
   596 | D:2      | Learned a level 3 spell: Vampiric Draining
   842 | D:2      | Noticed Natasha
   851 | D:2      | Killed Natasha
   875 | D:2      | Learned a level 1 spell: Animate Skeleton
  1081 | D:2      | Noticed Natasha
  1088 | D:2      | Killed Natasha
  1089 | D:2      | Reached XP level 4. HP: 9/36 MP: 4/7
  1172 | D:2      | Identified the +9 ring mail of Gimoaber {Rampage Regen+
                  | Int-2 Stlth+}
  1624 | D:3      | Found Omatuic's Magic Scroll Emporium.
  1715 | D:3      | Bought a scroll of teleportation for 30 gold pieces
  1715 | D:3      | Bought a scroll of identify for 20 gold pieces
  1879 | D:3      | Found Ucwim's Distillery.
  1892 | D:3      | Found Imevvityrin's Assorted Antiques.
  2465 | D:3      | Reached XP level 5. HP: 39/42 MP: 9/9
  2480 | D:3      | Reached skill level 6 in Necromancy
  3108 | D:4      | Reached skill level 1 in Short Blades
  3265 | D:4      | Found a basalt altar of Yredelemnul.
  3284 | D:4      | Became a worshipper of Yredelemnul the Dark
  3392 | D:4      | Noticed Robin
  3407 | D:4      | Killed Robin
  3785 | D:4      | Reached * piety under Yredelemnul
  3793 | D:4      | Reached XP level 6. HP: 29/50 MP: 1/11
  3802 | D:4      | Reached ** piety under Yredelemnul
  4005 | D:5      | Entered Level 5 of the Dungeon
  4358 | D:5      | Identified the +1 hand axe "Beptusm" {vorpal, *Rage rC+
                  | Int+5 Dex+4}
  4370 | D:5      | Learned a level 5 spell: Agony
  4444 | D:5      | Noticed a water moccasin
  4453 | D:5      | Killed a water moccasin
  4680 | D:5      | Reached XP level 7. HP: 31/56 MP: 9/13
  4687 | D:5      | Reached skill level 1 in Invocations
  4703 | D:5      | Reached skill level 1 in Axes
  4755 | D:5      | Reached skill level 1 in Fighting
  5227 | D:5      | Reached skill level 7 in Necromancy
  5405 | D:6      | Noticed a two-headed ogre
  5994 | D:7      | Reached skill level 5 in Spellcasting
  6124 | D:7      | Noticed a wyvern
  6147 | D:6      | Reached XP level 8. HP: 28/64 MP: 7/15
  6583 | D:6      | Reached skill level 1 in Armour
  7161 | D:6      | Found a runed translucent gate.
  7161 | D:6      | Found a runed translucent gate.
  7161 | D:6      | Found a runed translucent gate.
  7161 | D:6      | Noticed SirDiesAlot's ghost (novice DECj)
  7177 | D:6      | Reached skill level 8 in Necromancy
  7201 | D:6      | Killed SirDiesAlot's ghost
  7202 | D:6      | Gained mutation: You passively map the area around you.
                  | [Deep Dwarf growth]
  7202 | D:6      | Reached XP level 9. HP: 39/73 MP: 16/18
  7331 | D:6      | Mangled by a two-headed ogre

Illustrated notes

Levels and vault maps discovered:
D:1:      wander_arrival_fairy_ring, layout_basic,
          dilly_ecumenical_altar_fadedgnrine
D:2:      layout_basic, uniq_natasha
D:3:      layout_basic, serial_shops, shop, shop, shop_statue
D:4:      cheibrodos_fertilizer, layout_loops_ring,
          lemuel_coloured_pillars_altar, uniq_robin
D:5:      layout_basic, nicolae_figureground_sparkle
D:6:      layout_basic, ebering_ghost_rock_garden
D:7:      layout_basic, minmay_temple_entry_waves, serial_shops, shop

Skill      XL: |  1  2  3  4  5  6  7  8 |
---------------+-------------------------+-----
Spellcasting   | 2 3 4 5 6 |  6.1
Necromancy     | 5 6 7 8 |  8.2
Stealth        | 3 4 |  4.0
Short Blades   | 1 |  1.7
Invocations    | 1 |  1.7
Axes           | 1 4 |  4.1
Fighting       | 1 2 |  2.2
Dodging        | 3 |  3.7
Armour         | 2 |  2.6

Action                   |  1- 3 |  4- 6 |  7- 9 || total
-------------------------+-------+-------+-------++-------
Melee: Dagger            |    17 |    98 |    27 ||   142
       Hand axe          |       |     7 |    86 ||    93
 Cast: Pain              |    21 |    59 |    14 ||    94
       Vampiric Draining |     2 |    30 |    24 ||    56
       Animate Skeleton  |       |     6 |       ||     6
Invok: Recall Undead Har |       |     4 |     5 ||     9
       Dark Bargain      |       |     1 |       ||     1
 Abil: Heal Wounds       |       |       |     2 ||     2
  Use: Scroll            |       |       |     8 ||     8
       Potion            |       |       |     2 ||     2
 Stab: Sleeping          |     3 |     2 |     2 ||     7
       Distracted        |       |     1 |       ||     1
Armor: Robe              |     5 |    20 |    12 ||    37
       Ring mail         |       |       |    41 ||    41
Dodge: Dodged            |    16 |    98 |    83 ||   197

Table legend: (Time is in decaauts)
 A = Elapsed time spent in this place.
 B = Non-inter-level travel time spent in this place.
 C = Inter-level travel time spent in this place.
 D = Time resting spent in this place.
 E = Time spent auto-exploring this place.
 F = Levels seen in this place.
 G = Mean time per level.
                   A        B        C        D        E       F      G
               +--------+--------+--------+--------+--------+-----+--------+
         Total |   7453 |   7296 |    157 |   1648 |   3878 |   7 | 1064.7 |
       Dungeon |   7453 |   7296 |    157 |   1648 |   3878 |   7 | 1064.7 |
               +--------+--------+--------+--------+--------+-----+--------+

Top non-repeatable levels by time:
     D:5: 1401 daAuts
     D:4: 1335 daAuts
     D:6: 1334 daAuts
     D:3: 1201 daAuts
     D:2: 1079 daAuts
     D:7: 709 daAuts
     D:1: 392 daAuts
